 Dungeon Sprint DCSS version 0.31-a0-986-g5e6e4ef867 (webtiles) character file.

Game seed: 7007142115680300619

705 fozzywoppz the Fighter (level 7, -1/64 HPs)
             Began as a Demonspawn Berserker on Nov 7, 2023.
             Was an Elder of Trog.
             Slain by a gargoyle
             ... wielding a +1 flail of protection
              (8 damage)
             ... in the Dungeon (Sprint IX: "|||||||||||||||||||||||||||||").
             The game lasted 00:01:52 (245 turns).

fozzywoppz the Fighter (Demonspawn Berserker)        Turns: 245, Time: 00:01:52

Health: -1/64      AC: 15    Str: 19    XL:     7   Next: 39%
Magic:  0/7        EV: 14    Int: 14    God:    Trog [****..]
Gold:   0          SH:  0    Dex: 13    Spells: 6/6 levels left

rFire   . .          .
                       - Unarmed
rCold   . . .        (no shield)
rNeg    . . .        l - +2 ring mail
rPois   .            (helmet restricted)
rElec   .            (no cloak)
rCorr   .            a - +0 pair of gloves
SInv    .            (no boots)
Will    ++...        (no amulet)
Stlth   +            j - +3 ring of intelligence
HPRegen 1.30/turn    k - +3 ring of intelligence
MPRegen 0.20/turn

%: no teleportation, guardian spirit
@: strong-willed, sanguine armoured, on berserk cooldown, regenerating
A: horns 2, magic shield, magic regeneration, sanguine armour 1
a: Renounce Religion, Berserk, Trog's Hand, Brothers in Arms


You were in the Dungeon.
You worshipped Trog.
Trog was greatly pleased with you.
You visited 1 branch

Inventory:

Armour
 a - a +0 pair of gloves (worn)
 l - a +2 ring mail (worn)
Jewellery
 j - a +3 ring of intelligence (left hand)
 k - a +3 ring of intelligence (right hand)
Wands
 i - a wand of quicksilver (10)
Scrolls
 g - 2 scrolls of blinking
Potions
 b - 5 potions of curing
 c - 2 potions of heal wounds
 d - a potion of haste
 e - 4 potions of magic
 f - a potion of berserk rage
 h - a potion of invisibility


   Skills:
 + Level 9.5 Fighting
 - Level 5.0 Armour
 + Level 8.3 Dodging
 + Level 8.7 Unarmed Combat


You had 6 spell levels left.
You didn't know any spells.
Your spell library was empty.

Dungeon Overview and Level Annotations

Branches:
Dungeon (1/1)

Altars:
Cheibriados
Dithmenos
Fedhas
Gozag
Hepliaklqana
Kikubaaqudgha
Makhleb
Nemelex Xobeh
Okawaru
Qazlal
Ru
Sif Muna
Trog
Uskayaw
Vehumet
Wu Jian
Xom
Yredelemnul
Jiyva
Lugonu


Innate Abilities, Weirdness & Mutations

You have a pair of horns on your head.
When hurt, damage is shared between your health and your magic reserves.
You regenerate magic rapidly.
When seriously injured, your blood forms armour. (AC +6)


Message History

You hit the gargoyle but do no damage. You headbutt the gargoyle.
The gargoyle is lightly damaged.
The gargoyle hits you with a +1 flail of protection!
The meliai mumbles some strange prayers to its god against you.
Something smites you!
* * * LOW HITPOINT WARNING * * *
The gargoyle hits you with a +1 flail of protection.
* * * LOW HITPOINT WARNING * * *
You're still recovering from your berserk rage.
You feel much better.
You feel yourself speed up. The gargoyle barely misses you.
Your skin crawls.
You feel strong-willed.
The gargoyle hurls a stone arrow at you.
The stone arrow misses you.
You hit the gargoyle but do no damage. Your headbutt misses the gargoyle.
The gargoyle is lightly damaged.
The meliai invokes the aid of its god against you.
Something smites you! The gargoyle barely misses you.
You hit the gargoyle but do no damage.
You headbutt the gargoyle, but do no damage.
The gargoyle is lightly damaged.
The gargoyle hits you with a +1 flail of protection.
You closely miss the gargoyle.
The gargoyle is lightly damaged.
The meliai mumbles some strange prayers to its god against you.
Something smites you!
* * * LOW HITPOINT WARNING * * *
The gargoyle misses you.
You hit the gargoyle but do no damage.
The gargoyle is lightly damaged.
You hit the gargoyle but do no damage.
The gargoyle is lightly damaged.
The gargoyle hits you with a +1 flail of protection!
* * * LOW HITPOINT WARNING * * *
You punch the gargoyle!
The gargoyle is moderately damaged.
The gargoyle hits you with a +1 flail of protection!
You die...

▓.▓
▓.▓
▓'▓
▓†▓
▓)▓
▓)▓
▓.▓
▓.▓
▓@▓
▓9▓
▓T▓
▓H▓
▓c▓
▓y▓
▓y▓
▓.▓


You could see a centaur warrior, a manticore, a troll, a vampire mosquito, a
gargoyle and a meliai.

Vanquished Creatures
  A kobold demonologist (D)
  A yak (D)
  A black bear (D)
  A centaur (D)
  2 howler monkeys (D)
  An orc priest (D)
  An iguana (D)
  An adder (D)
  A shadow imp (D)
  An orc (D)
  A giant cockroach (D)
  A goblin (D)
  A hobgoblin (D)
  A jackal (D)
  A quokka (D)
16 creatures vanquished.

Notes
Turn   | Place    | Note
-------+----------+-------------------------------------------
     0 | D        | fozzywoppz the Demonspawn Berserker began the quest for the
                  | Orb.
     0 | D        | Reached XP level 1. HP: 18/18 MP: 1/1
    15 | D        | Reached ** piety under Trog
    40 | D        | Noticed an iguana
    40 | D        | Noticed a black bear
    47 | D        | Killed an iguana
    48 | D        | Reached skill level 4 in Fighting
    48 | D        | Gained mutation: You regenerate magic rapidly. [demonic
                  | ancestry]
    48 | D        | Reached XP level 2. HP: 11/25 MP: 2/2
    48 | D        | Gained mutation: You have a pair of small horns on your
                  | head. [demonic ancestry]
    48 | D        | Reached XP level 3. HP: 13/30 MP: 3/3
    97 | D        | Killed a black bear
    98 | D        | Reached skill level 5 in Fighting
    98 | D        | Reached skill level 5 in Unarmed Combat
    98 | D        | Reached XP level 4. HP: 39/39 MP: 4/4
   102 | D        | Reached *** piety under Trog
   105 | D        | Gained mutation: You have a pair of horns on your head.
                  | [demonic ancestry]
   105 | D        | Reached XP level 5. HP: 46/46 MP: 5/5
   112 | D        | Found a snail-covered altar of Cheibriados.
   112 | D        | Found a shadowy altar of Dithmenos.
   112 | D        | Found a blossoming altar of Fedhas.
   112 | D        | Found an opulent altar of Gozag.
   113 | D        | Found a hazy altar of Hepliaklqana.
   114 | D        | Found a viscous altar of Jiyva.
   115 | D        | Found an ancient bone altar of Kikubaaqudgha.
   116 | D        | Found a corrupted altar of Lugonu.
   117 | D        | Found a burning altar of Makhleb.
   118 | D        | Found a sparkling altar of Nemelex Xobeh.
   119 | D        | Found an iron altar of Okawaru.
   120 | D        | Found a stormy altar of Qazlal.
   121 | D        | Found a sacrificial altar of Ru.
   122 | D        | Found a shimmering blue altar of Sif Muna.
   123 | D        | Found a bloodstained altar of Trog.
   124 | D        | Found a hide-covered altar of Uskayaw.
   125 | D        | Found a radiant altar of Vehumet.
   126 | D        | Found an ornate altar of the Wu Jian Council.
   127 | D        | Found a shimmering altar of Xom.
   128 | D        | Found a basalt altar of Yredelemnul.
   191 | D        | Noticed a yak
   191 | D        | Noticed a centaur
   191 | D        | Noticed a kobold demonologist
   194 | D        | Reached skill level 6 in Fighting
   194 | D        | Reached skill level 5 in Armour
   194 | D        | Reached skill level 5 in Dodging
   203 | D        | Killed a yak
   203 | D        | Reached **** piety under Trog
   204 | D        | Reached skill level 7 in Fighting
   204 | D        | Gained mutation: When seriously injured, your blood forms
                  | armour. (AC +6) [demonic ancestry]
   204 | D        | Reached XP level 6. HP: 56/56 MP: 6/6
   210 | D        | Killed a kobold demonologist
   211 | D        | Reached skill level 9 in Fighting
   211 | D        | Gained mutation: When hurt, damage is shared between your
                  | health and your magic reserves. [demonic ancestry]
   211 | D        | Reached XP level 7. HP: 64/64 MP: 7/7
   232 | D        | Noticed a gargoyle
   232 | D        | Noticed a troll
   232 | D        | Noticed a manticore
   232 | D        | Noticed a vampire mosquito
   232 | D        | Noticed a centaur warrior
   232 | D        | Noticed a meliai
   245 | D        | Slain by a gargoyle

Illustrated notes

Levels and vault maps discovered:
D:        linesprint [early_d, line_temple, items_1, d_10, items_2, lair_1,
          lair_end, items_3, orc_1, orc_end, items_4, d_15, swamp_1, shoals_1,
          snake_1, spider_1, d_20, vaults_1, items_5, swamp_end, shoals_end,
          snake_end, spider_end, vaults_end, d_27, items_6, zot_1, zot_end,
          crypt_end, forest_end, elf_end, slime_end, tomb_end, abyss_end,
          pan_hell_end]

Skill      XL: |  1  2  3  4  5  6  7 |
---------------+----------------------+-----
Armour         | 3 4 5 |  5.0
Dodging        | 3 4 6 7 8 |  8.3
Unarmed Combat | 3 5 7 8 |  8.7
Fighting       | 4 5 7 9 |  9.5

Action                     |  1- 3 |  4- 6 |  7- 9 || total
---------------------------+-------+-------+-------++-------
  Melee: Unarmed           |    33 |    24 |    13 ||    70
         Headbutt          |     1 |     5 |     3 ||     9
         Punch             |       |       |     1 ||     1
 Invoke: Trog's Hand       |     2 |     1 |     2 ||     5
         Berserk           |     2 |     1 |       ||     3
    Use: Potion            |       |       |     1 ||     1
 Armour: Animal skin       |    13 |     2 |       ||    15
         Ring mail         |       |     5 |    11 ||    16
  Dodge: Dodged            |    19 |     8 |    11 ||    38

Table legend: (Time is in decaauts)
 A = Elapsed time spent in this place.
 B = Non-inter-level travel time spent in this place.
 C = Inter-level travel time spent in this place.
 D = Time resting spent in this place.
 E = Time spent auto-exploring this place.
 F = Levels seen in this place.
 G = Mean time per level.
                   A        B        C        D        E       F      G
               +--------+--------+--------+--------+--------+-----+--------+
         Total |    256 |    256 |      0 |     74 |      0 |   1 |  256.0 |
       Dungeon |    256 |    256 |      0 |     74 |      0 |   1 |  256.0 |
               +--------+--------+--------+--------+--------+-----+--------+

Top non-repeatable levels by time:
       D: 256 daAuts
